 Dungeon Crawl Stone Soup version 0.23-a0-435-g79ed067 (webtiles) character file.

828 Amnesiac the Sneak (level 7, 0/32 HPs)
             Began as a Spriggan Enchanter on Nov 15, 2018.
             Was a Believer of Dithmenos.
             Slain by an orc priest
             ... wielding a +0 morningstar
              (9 damage)
             ... on level 5 of the Dungeon.
             The game lasted 00:08:58 (5066 turns).

Amnesiac the Sneak (Spriggan Enchanter)             Turns: 5066, Time: 00:08:59

Health: 0/32       AC:  3    Str:  4    XL:     7   Next: 65%
Magic:  7/15       EV: 20    Int: 19    God:    Dithmenos [**....]
Gold:   402        SH: 10    Dex: 16    Spells: 6/15 levels left

rFire    + . .     SeeInvis +   a - +1 dagger (venom)
rCold    . . .     Gourm    .   e - +1 buckler
rNeg     . . .     Faith    .   d - +0 robe
rPois    .         Spirit   .   (helmet restricted)
rElec    .         Reflect  +   v - +0 cloak
rCorr    .         Harm     .   (gloves unavailable)
MR       +....                  (boots unavailable)
Stlth    ++++++....             h - +3 amulet of reflection
HPRegen  0.10/turn              c - ring of protection from fire
MPRegen  0.14/turn              t - ring of stealth

@: lethally poisoned (0 -> -5), wreathed by umbra, very quick
A: very small, unfitting armour, see invisible, herbivore, speed 3, slow
metabolism 2
a: Shadow Step, Renounce Religion


You were on level 5 of the Dungeon.
You worshipped Dithmenos.
Dithmenos was pleased with you.
You were hungry.

You visited 2 branches of the dungeon, and saw 6 of its levels.

You collected 402 gold pieces.

Inventory:

Hand Weapons
 a - a +1 dagger of venom (weapon)
 b - a +0 blowgun
Missiles
 l - 44 poisoned needles
Armour
 d - a +0 robe (worn)
 e - a +1 buckler (worn)
 v - a +0 cloak (worn)
Jewellery
 c - a ring of protection from fire (left hand)
 h - a +3 amulet of reflection (around neck)
 o - an uncursed ring of protection from fire
 p - an uncursed amulet of rage
 t - a ring of stealth (right hand)
Scrolls
 g - 2 scrolls of immolation {!r, unknown}
 j - 2 scrolls of remove curse {!r}
 n - 4 scrolls of fog {!r, unknown}
 q - a scroll of identify {!r}
 s - a scroll of fear {!r, unknown}
 u - 3 scrolls of teleportation {!r, unknown}
Potions
 f - 4 potions of resistance {!q, unknown}
 i - a potion of heal wounds {!q}
 m - a potion of brilliance {!q, unknown}
 r - a potion of ambrosia {!q, unknown}
Comestibles
 k - 5 rations


   Skills:
 + Level 3.9 Short Blades
 + Level 5.7 Dodging
 + Level 7.0 Stealth
 + Level 2.2 Shields
 + Level 4.9 Spellcasting
 + Level 5.6 Hexes


You had 6 spell levels left.
You knew the following spells:

 Your Spells              Type           Power        Failure   Level  Hunger
a - Ensorcelled Hibernat  Hex/Ice        ###...       9%          2    #......
b - Corona                Hex            ####...      1%          1    None
e - Confuse               Hex            ####....     5%          3    ##.....
w - Tukima's Dance        Hex            ####....     5%          3    ##.....

Your spell library contained the following spells:

 Spells                   Type           Power        Failure   Level  Hunger
 Dazzling Spray           Conj/Hex       ###...       17%         3    ##.....


Dungeon Overview and Level Annotations

Branches:
Dungeon (5/15)             Temple (1/1) D:4

Altars:
Ashenzari
Cheibriados
Dithmenos
Elyvilon
Fedhas
Gozag
Kikubaaqudgha
Okawaru
Qazlal
Ru
Sif Muna
Uskayaw
Vehumet
Wu Jian
Xom
Yredelemnul
Zin
The Shining One


Innate Abilities, Weirdness & Mutations

You are very small and have problems with some larger weapons.
You are too small for most types of armour.
You have supernaturally acute eyesight. (SInv)
You are a herbivore.
You cover ground extremely quickly.
You need to consume almost no food.


Message History

The giant cockroach is moderately wounded.
You kill the giant cockroach!
Dithmenos accepts your kill.
An orc comes into view. It is wielding a +0 short sword.
The orc shouts!
You hit the worker ant.
The worker ant is lightly wounded.
You block the worker ant's attack.
Casting: Confuse (safe; 5% risk of failure)
Confirm with . or Enter, or press ? or * to list all spells.
Aiming: Confuse (safe; 5% risk of failure)
Press: ? - help, Shift-Dir - straight line, f - orc priest
Aim: an orc priest, wielding a +0 morningstar and wearing a +0 leather armour The orc priest resists with significant effort.
You block the worker ant's attack.
Unknown command.
A hobgoblin comes into view. It is wielding a +0 club.
The worker ant waves its antennae.
You block the orc's attack.
A kobold comes into view. It is wielding a +0 dagger.
You barely miss the worker ant.
The worker ant is lightly wounded.
The worker ant closely misses you.
You hit the worker ant.
The worker ant is moderately wounded.
The worker ant bites you.
You are poisoned.
The worker ant poisons you!
You hit the worker ant but do no damage.
The worker ant is moderately wounded.
You feel sick.
The hobgoblin shouts!
The kobold shouts! x2; You hear a shout!
The worker ant misses you.
You closely miss the worker ant.
The worker ant is moderately wounded.
You block the worker ant's attack.
The orc priest calls down the wrath of Beogh upon you.
Pain shoots through your body!
You barely miss the worker ant.
The worker ant is moderately wounded.
You feel sick. The worker ant barely misses you.
Casting: Confuse (safe; 5% risk of failure)
Confirm with . or Enter, or press ? or * to list all spells.
Aiming: Confuse (safe; 5% risk of failure)
Press: ? - help, Shift-Dir - straight line, f/p - orc priest
Aim: an orc priest, wielding a +0 morningstar and wearing a +0 leather armour The orc priest resists with significant effort.
The worker ant completely misses you.
A hobgoblin comes into view. It is wielding a -1 club.
The orc priest invokes the aid of Beogh against you.
Beogh smites you!
* * * LOW HITPOINT WARNING * * *
Unknown command.
Casting: Confuse (safe; 5% risk of failure)
Confirm with . or Enter, or press ? or * to list all spells.
Aiming: Confuse (safe; 5% risk of failure)
Press: ? - help, Shift-Dir - straight line, f/p - orc priest
Aim: an orc priest, wielding a +0 morningstar and wearing a +0 leather armour The orc priest resists with significant effort.
You are feeling hungry.
You feel sick. You block the worker ant's attack.
You block the kobold's attack.
The orc priest hits you with a +0 morningstar!
You die...

###### ####### #....#
#.....# ########...(#
#.....# ............####
#.....#
.#######.......###.....###
..........................
..#....#...####.oa.###..#
....##...### #.@#..#
.........# #.K#≈o...
#.....#### #.g#≈≈.##..
#.#...# ..##≈≈... #.#...#
#.K#≈≈o≈##. ......#
#..#≈≈≈≈# . .#....# #.g
≈≈≈≈# .#.#.### #..
.#.....#


You could see a worker ant, an orc priest, 2 hobgoblins and 2 kobolds.

Vanquished Creatures
  Pikel (D:4)
  4 slaves
  A howler monkey (D:4)
  A crimson imp (D:5)
  Crazy Yiuf (D:4)
  An iguana (D:4)
  2 orc wizards
  A worker ant (D:4)
  6 adders
  A shadow imp (D:5)
  15 dart slugs
  2 leopard geckos
  16 orcs
  2 giant cockroaches
  10 goblins
  7 hobgoblins
  5 jackals
  A quokka (D:3)
  10 bats
  6 frilled lizards
  8 kobolds
  A leopard gecko skeleton (D:4)
  7 rats
109 creatures vanquished.

Vanquished Creatures (others)
  A dart slug (D:4)
  A ball python (D:4)
2 creatures vanquished.

Grand Total: 111 creatures vanquished

Notes
Turn   | Place    | Note
-------+----------+-------------------------------------------
     0 | D:1      | Amnesiac the Spriggan Enchanter began the quest for the
                  | Orb.
     0 | D:1      | Reached XP level 1. HP: 9/9 MP: 5/5
   166 | D:2      | Found a blossoming altar of Fedhas.
   228 | D:2      | Reached XP level 2. HP: 13/13 MP: 2/6
   244 | D:2      | Learned a level 2 spell: Ensorcelled Hibernation
   303 | D:2      | Found a deep blue altar of Sif Muna.
   344 | D:2      | Found a glowing silver altar of Zin.
   671 | D:3      | Reached XP level 3. HP: 16/16 MP: 4/8
   676 | D:3      | Learned a level 3 spell: Confuse
   787 | D:2      | Found a shimmering altar of Xom.
   831 | D:2      | Reached skill level 5 in Stealth
  1733 | D:4      | Found a staircase to the Ecumenical Temple.
  1758 | Temple   | Entered the Ecumenical Temple
  1775 | Temple   | Became a worshipper of Dithmenos the Shadowed
  1812 | D:4      | Reached XP level 4. HP: 21/21 MP: 10/10
  1815 | D:4      | Noticed a slave
  1827 | D:3      | Killed a slave
  1909 | D:3      | Reached skill level 1 in Shields
  2293 | D:3      | Reached XP level 5. HP: 19/24 MP: 11/11
  2298 | D:3      | Learned a level 3 spell: Tukima's Dance
  2647 | D:1      | Reached * piety under Dithmenos
  3363 | D:2      | Found a faded altar of an unknown god.
  3729 | D:2      | Found a shattered altar of Ashenzari.
  3729 | D:2      | Found an iron altar of Okawaru.
  3855 | D:3      | Found a glowing golden altar of the Shining One.
  4057 | D:4      | Noticed Pikel
  4057 | D:4      | Noticed a slave
  4057 | D:4      | Noticed a slave
  4059 | D:4      | Reached XP level 6. HP: 28/28 MP: 9/13
  4059 | D:4      | Noticed a slave
  4077 | D:4      | Killed Pikel
  4077 | D:4      | Reached skill level 5 in Dodging
  4077 | D:4      | Reached skill level 6 in Stealth
  4077 | D:4      | Reached skill level 5 in Hexes
  4077 | D:4      | Reached XP level 7. HP: 7/32 MP: 8/15
  4400 | D:4      | Reached ** piety under Dithmenos
  4468 | D:4      | Found a sacrificial altar of Ru.
  4681 | D:4      | Found a stormy altar of Qazlal.
  4770 | D:4      | Found a runed door.
  4902 | D:4      | Noticed Crazy Yiuf
  4906 | D:4      | Killed Crazy Yiuf
  4957 | D:5      | Entered Level 5 of the Dungeon
  4979 | D:5      | Reached skill level 7 in Stealth
  5066 | D:5      | Slain by an orc priest

Vault maps used:
D:1:      dpeg_arrival_arbitrary_c
D:2:      lemuel_upstairs_altar, lemuel_coloured_pillars_altar,
          marbit_many_paths, zin_statuary, nicolae_overflow_hidden_temple,
          chequers_ecumenical_altar_simple, minmay_hexomino_p4
D:3:      first_ration, corner_web_ring, nicolae_tso_swordbearing_angel
D:4:      kennysheep_slugbush, kennysheep_mini, minmay_temple_entry_mist,
          minmay_misc_feat_four_crosses, nicolae_ru_awakened_eye,
          uniq_crazy_yiuf_cottage, uniq_pikel
D:5:      cheibrodos_thug_alley, tgw_xom, evilmike_ruin_ashenzari
Temple:   eino_temple_lava

Skill      XL: |  1  2  3  4  5  6  7 |
---------------+----------------------+-----
Spellcasting   | 3 4 |  4.9
Stealth        | 5 6 7 |  7.0
Hexes          | 4 5 |  5.6
Short Blades   | 2 3 |  3.9
Dodging        | 4 5 |  5.7
Shields        | 1 2 |  2.2

Action                   |  1- 3 |  4- 6 |  7- 9 || total
-------------------------+-------+-------+-------++-------
Melee: Dagger            |    52 |   146 |    69 ||   267
 Cast: Corona            |    13 |       |       ||    13
       Ensorcelled Hiber |    27 |     5 |    18 ||    50
       Confuse           |       |     4 |     5 ||     9
  Use: Scroll            |     3 |     4 |       ||     7
       Potion            |     1 |       |       ||     1
 Stab: Sleeping          |    18 |    20 |     5 ||    43
       Distracted        |     1 |       |       ||     1
       Confused          |       |     1 |     1 ||     2
  Eat: Ration            |       |     2 |       ||     2
Armor: Robe              |     6 |     6 |       ||    12
Dodge: Dodged            |    57 |    86 |    37 ||   180
Block: Buckler           |       |    23 |    32 ||    55
       Reflection        |       |       |     3 ||     3

Table legend:
 A = Non-vault XP
 B = Vault XP
 C = Vault XP percentage of total XP
 D = Non-vault monster count
 E = Vault monster count
 F = Vault count percentage of total count
                 A         B        C        D         E       F
            +---------+---------+-------+---------+---------+-------
      Total |     502 |     682 |  57.6 |      89 |      16 |  15.2
            +---------+---------+-------+---------+---------+-------
        D:1 |      48 |       0 |   0.0 |      26 |       0 |   0.0
        D:2 |     101 |       4 |   3.8 |      23 |       3 |  11.5
        D:3 |     143 |       0 |   0.0 |      31 |       0 |   0.0
        D:4 |     147 |     678 |  82.2 |       6 |      13 |  68.4
        D:5 |      63 |       0 |   0.0 |       3 |       0 |   0.0
            +---------+---------+-------+---------+---------+-------
